 Dungeon Crawl Stone Soup version 0.23.0 (webtiles) character file.

Game seed: 11447959695991638654

33564 tidbits the Thaumaturge (level 13, 27/101 HPs)
             Began as a Gnoll Skald on Feb 11, 2019.
             Was the Champion of Cheibriados.
             Quit the game on level 3 of the Spider Nest.
             The game lasted 00:57:37 (4423 turns).

tidbits the Thaumaturge (Gnoll Skald)               Turns: 4423, Time: 00:57:38

Health: 27/101     AC: 16    Str: 29      XL:     13   Next: 71%
Magic:  0/26       EV: 24    Int: 34 (35) God:    Cheibriados [******]
Gold:   812        SH:  0    Dex: 28 (30) Spells: 1/31 levels left

rFire    + . .     SeeInvis .   a - +10 zealot's sword {holy, *Rage rN+ EV+3}
rCold    + . .     Gourm    .   (no shield)
rNeg     + . .     Faith    .   B - +1 ring mail of the Endless Expanse {Slay+2}
rPois    .         Spirit   .   E - +1 helmet of Dim Light {rF+}
rElec    .         Reflect  .   C - +2 cloak (curse)
rCorr    .         Harm     .   G - +0 pair of gloves
MR       .....     Rnd*Rage +   F - +0 pair of boots
Stlth    ++++......             (no amulet)
HPRegen  0.26/turn              P - ring of protection from cold
MPRegen  0.20/turn              (no ring)

@: lethally poisoned (27 -> -5), berserk cooldown, very slow
A: distributed training, fangs 1, strong nose
a: Bend Time, Temporal Distortion, Slouch, Step From Time, Renounce Religion


You were on level 3 of the Spider Nest.
You worshipped Cheibriados.
Cheibriados was exalted by your worship.
You were very full.

You visited 4 branches of the dungeon, and saw 21 of its levels.

You collected 947 gold pieces.
You spent 135 gold pieces at shops.

Inventory:

Hand Weapons
 a - the +10 zealot's sword (weapon) {holy, *Rage rN+ EV+3}
   (You found it on level 9 of the Dungeon)

   It has been blessed by the Shining One to cause great damage to the undead
   and demons.
   It affects your evasion (+3).
   It protects you from negative energy.
   It may make you go berserk in combat.
 c - a +2 dagger of freezing
   (You took it off an orc wizard on level 11 of the Dungeon)
 g - a +0 blowgun
 I - a +0 glaive
 L - a +2 shortbow of flaming
   (You took it off a centaur on level 9 of the Dungeon)
 V - a +1 arbalest of flaming
   (You took it off an orc knight on level 9 of the Dungeon)
 W - a +0 broad axe
 X - a +2 morningstar of holy wrath
   (You took it off an orc on level 9 of the Dungeon)
Missiles
 n - 3 throwing nets {!f}
 x - 171 arrows
 D - 7 javelins of penetration
 J - 10 tomahawks (quivered)
 K - 99 bolts
 U - 7 curare-tipped needles
Armour
 f - the +9 scales of the Dragon King {rPois rF+ rC+ MR+}
   (You found it on level 3 of the Lair of Beasts)

   It protects you from fire.
   It protects you from cold.
   It protects you from poison.
   It affects your resistance to hostile enchantments.
 j - a scarf of repulsion
   (You found it on level 1 of the Spider Nest)
 y - a +0 buckler
 B - the +1 ring mail of the Endless Expanse (worn) {Slay+2}
   (You found it on level 9 of the Dungeon)

   It affects your accuracy and damage with ranged weapons and melee attacks
   (+2).
 C - a cursed +2 cloak (worn)
 E - the +1 helmet of Dim Light (worn) {rF+}
   (You found it on level 9 of the Dungeon)

   It protects you from fire.
 F - a +0 pair of boots (worn)
 G - a +0 pair of gloves (worn)
 T - a +2 hat of intelligence
   (You took it off Gastronok on level 8 of the Dungeon)
Magical Staves
 z - an uncursed staff of fire
   (You found it on level 3 of the Lair of Beasts)
 M - an uncursed staff of earth
   (You found it on level 6 of the Dungeon)
 Q - an uncursed staff of poison
   (You found it on level 2 of the Lair of Beasts)
 S - an uncursed staff of cold
   (You found it on level 11 of the Dungeon)
Jewellery
 P - a ring of protection from cold (left hand)
   (You found it on level 10 of the Dungeon)
Wands
 l - a wand of digging (7)
 m - a wand of enslavement (10)
 s - a wand of flame (5)
 A - a wand of paralysis (20)
 H - a wand of acid (1)
Scrolls
 b - a scroll of fear
 e - a scroll of immolation {!r}
 h - a scroll of magic mapping
 i - 3 scrolls of identify
 q - 4 scrolls of amnesia
 r - 5 scrolls of remove curse
 w - 2 scrolls of fog
 R - a scroll of torment
Potions
 k - 2 potions of might
 o - 2 potions of heal wounds
 p - 3 potions of lignification
 v - 2 potions of flight
 O - a potion of haste {unknown}
 Y - a potion of agility
Miscellaneous
 N - a fan of gales
 Z - a phial of floods (inert)
Comestibles
 d - 14 rations


   Skills:
 + Level 9.6 Fighting
 + Level 8.4 Short Blades
 + Level 8.4 Long Blades
 + Level 8.4 Axes
 + Level 8.4 Maces & Flails
 + Level 9.6 Polearms
 + Level 8.4 Staves
 + Level 8.4 Slings
 + Level 8.4 Bows
 + Level 8.4 Crossbows
 + Level 8.4 Throwing
 + Level 8.8 Armour
 + Level 9.6 Dodging
 + Level 8.4 Stealth
 + Level 8.4 Shields
 + Level 8.4 Unarmed Combat
 + Level 9.8 Spellcasting
 + Level 7.0 Conjurations
 + Level 7.0 Hexes
 + Level 9.0 Charms
 + Level 7.0 Summonings
 + Level 7.0 Necromancy
 + Level 7.0 Translocations
 + Level 7.0 Transmutations
 + Level 7.0 Fire Magic
 + Level 7.0 Ice Magic
 + Level 7.0 Air Magic
 + Level 7.0 Earth Magic
 + Level 7.0 Poison Magic
 + Level 9.2 Invocations
 + Level 8.4 Evocations


You had one spell level left.
You knew the following spells:

 Your Spells              Type           Power        Failure   Level  Hunger
g - Shroud of Golubria    Chrm/Tloc      ######....   1%          2    None
m - Mephitic Cloud        Conj/Pois/Air  ######..     1%          3    None
n - Animate Skeleton      Necr           N/A          1%          1    None
p - Passwall              Tmut/Erth      ######..     1%          2    None
r - Regeneration          Chrm/Necr      ######....   1%          3    None
w - Spectral Weapon       Hex/Chrm       ######..     1%          3    None
y - Song of Slaying       Chrm           ######..     1%          2    None
A - Apportation           Tloc           ######       1%          1    None
D - Lee's Rapid Deconstr  Erth           ######....   6%          5    ###....
N - Animate Dead          Necr           N/A          1%          4    None
O - Olgreb's Toxic Radia  Pois           ######..     1%          4    None

Your spell library contained the following spells:

 Spells                   Type           Power        Failure   Level  Hunger
 Confusing Touch          Hex            ######       1%          1    None
 Infusion                 Chrm           ####         1%          1    None
 Magic Dart               Conj           ####         1%          1    None
 Pain                     Necr           ####         1%          1    None
 Sandblast                Erth           ######       1%          1    None
 Sting                    Conj/Pois      ####         1%          1    None
 Summon Small Mammal      Summ           ####         1%          1    None
 Poisonous Vapours        Pois/Air       ######       1%          2    None
 Searing Ray              Conj           ######       1%          2    None
 Dazzling Spray           Conj/Hex       ######       1%          3    None
 Stone Arrow              Conj/Erth      ######       1%          3    None
 Vampiric Draining        Necr           ######....   1%          3    None
 Force Lance              Conj/Tloc      ######..     1%          4    None
 Fulminant Prism          Conj/Hex       ######....   1%          4    None
 Iskenderun's Mystic Bla  Conj           ######..     1%          4    None
 Petrify                  Tmut/Erth      ######..     1%          4    None
 Iskenderun's Battlesphe  Conj/Chrm      ######..     3%          5    ###....
 Bolt of Magma            Conj/Fire/Erth ######....   6%          5    ###....
 Venom Bolt               Conj/Pois      ######....   6%          5    ###....
 Iron Shot                Conj/Erth      ######....   32%         6    #####..
 Orb of Destruction       Conj           ######....   87%         7    ######.
 Spellforged Servitor     Conj/Summ      ######....   87%         7    ######.


Dungeon Overview and Level Annotations

Branches:
Dungeon (13/15)            Temple (1/1) D:5            Lair (4/6) D:11
 Spider (3/4) Lair:3
  Swamp: Lair:2-4    Shoals: Lair:2-4       Orc: D:9-12      Vaults: D:13-14

Altars:
Cheibriados
Dithmenos
Elyvilon
Fedhas
Gozag
Kikubaaqudgha
Ru
Uskayaw
Vehumet
Zin
Beogh

Shops:
D:7 *

Annotations:
D:6 2 transporters, Swamplord's ghost, novice HOMo


Innate Abilities, Weirdness & Mutations

Your experience applies equally to all skills.
You have very sharp teeth.
Your uncanny sense of smell can sniff out nearby items.


Message History

An orb spider comes into view.
Your water elemental hits the wolf spider!
The jumping spider leaps!
Something bites your water elemental!
Your water elemental is destroyed!
The orb spider spins a strand of pure energy.
You feel you are being watched by something.
Something closely misses you. Something hits you.
* * * LOW HITPOINT WARNING * * *
Something barely misses you.
The redback moves out of view.
The wolf spider hisses angrily.
Unknown command.
Unknown command.
Unknown command.
Unknown command.
Unknown command.
Unknown command.
Unknown command.
You're too confused!
Unknown command.
You feel better.
You hear an angry hiss.
A jumping spider comes into view.
The jumping spider leaps!
Something barely misses you. Something hits you but does no damage.
Something stings you but does no damage.
The jumping spider misses you.
You riposte.
You slash the jumping spider!
You bite the jumping spider, but do no damage.
The jumping spider is moderately wounded.
The jumping spider completely misses you.
The jumping spider moves out of view.
You hear an angry hiss.
Unknown command.
As you read the scroll of teleportation, it crumbles to dust.
You feel strangely unstable. The jumping spider pounces on you!
* * * LOW HITPOINT WARNING * * *
The jumping spider barely misses you.
You feel you are being watched by something.
You feel your power leaking away. Something barely misses you.
Something closely misses you. Something barely misses you.
The jumping spider leaps!
Something hits you but does no damage. Something hits you!
* * * LOW HITPOINT WARNING * * *
You feel clumsy.
Something stings you but does no damage.
The jumping spider misses you.
The jumping spider bites you but does no damage.
A jumping spider comes into view.
Unknown command.
Unknown command.
Unknown command.
You miss the jumping spider. You punch the jumping spider.
The jumping spider is heavily wounded.
The jumping spider leaps!
The orb spider weaves a glowing orb of energy.
You feel you are being watched by something.
Something misses you. x2; Something stings you.
* * * LOW HITPOINT WARNING * * *
You are poisoned.
Something poisons you!
The jumping spider leaps!
Something hits you but does no damage. Something hits you.
* * * LOW HITPOINT WARNING * * *
You feel clumsy.
Something stings you but does no damage.
An orb of destruction comes into view.
Unknown command.
You slash something!
You feel yourself speed up.
* * * LOW HITPOINT WARNING * * *
You feel very sick.
You feel you are being watched by something.
Something completely misses you. Something hits you.
* * * LOW HITPOINT WARNING * * *
Something barely misses you.
Unknown command.
Unknown command.
Unknown command.
You closely miss something.
The jumping spider hisses angrily.
Your bite misses something.
Your surroundings suddenly seem different.
* * * LOW HITPOINT WARNING * * *
You feel sick.
A tarantella comes into view.
A redback comes into view.
A redback comes into view.
A jumping spider comes into view.
A redback comes into view.
A redback comes into view.
You hear an angry hiss.
Found a stone staircase leading down.
Unknown command.
Unknown command.
Unknown command.
Unknown command.
Okay, then.
Are you sure you want to abandon this character and quit the game? (Confirm with "yes".)

..........#... ......s........
. ......#s........... ..
^...#....s....s.....#. ≈.
(......ss.....^.#......#....
... #.................#.#......
....#..........................
#......†.....)#.@.....#......#.
#.....<..............#........
..........|......#...≈.ss......
....................s≈...s..#..
.#(............(.#...#†(.(.....
.........#.....#.#(#(#(#.......
...............#(#.#s#.#{....(.
...#........(###...#..E###.....
#........#....(^.......*.......


You could see a wolf spider, 2 jumping spiders, a tarantella (wandering) and 5
redbacks.

Vanquished Creatures
  Gastronok (D:8)
  Erolcha (D:9)
  Josephine (D:13)
  A hydra (Lair:2)
  6 two-headed ogres
  Sonja (D:13)
  Pikel (D:6)
  An orc knight (D:9)
  3 orb spiders
  2 ugly things
  An orc sorcerer (D:9)
  2 wolf spiders
  A deep elf mage (D:9)
  An elephant (Lair:3)
  2 centaur zombies
  2 black mambas (Lair:3)
  A torpor snail (Lair:3)
  Psyche (D:11)
  5 spiny frogs
  5 komodo dragons
  A kobold demonologist (D:9)
  A troll (D:9)
  A tengu conjurer (D:9)
  A meliai (shapeshifter) (D:9)
  3 jumping spiders
  A polar bear (Lair:3)
  7 hornets
  Prince Ribbit (D:7)
  4 hippogriffs
  A blink frog (Lair:3)
  5 redbacks
  5 wyverns
  3 tarantellas
  3 wraiths (D:13)
  A basilisk (Lair:3)
  Grum (D:7)
  2 hungry ghosts (D:8)
  6 vampire mosquitoes (D:12)
  Edmund (D:5)
  4 water moccasins
  4 porcupines
  6 ice beasts
  6 orc warriors
  3 necrophages
  3 sky beasts
  A black bear (D:7)
  5 ogres
  7 centaurs
  A crocodile (shapeshifter) (D:9)
  9 crocodiles
  3 big kobolds
  An earth elemental (Spider:3)
  8 bullfrogs
  2 scorpions
  6 killer bees (D:10)
  3 wights (D:9)
  2 howler monkeys
  9 crimson imps
  A lava snake (D:12)
  2 quasits
  A bullfrog zombie (D:9)
  11 hounds
  2 centaur skeletons
  A jelly (D:12)
  5 orc priests
  2 bullfrog skeletons
  An iguana (D:10)
  9 worker ants
  6 orc wizards
  2 hound zombies
  3 worker ant zombies
  Robin (D:3)
  5 gnolls
  9 adders
  3 shadow imps
  3 adder zombies
  An adder skeleton (D:7)
  2 worms
  A dart slug (D:1)
  2 leopard geckos
  38 orcs
  3 bats
  5 giant cockroaches
  10 goblins (D:3)
  6 hobgoblins
  4 jackals (D:6)
  3 quokkas (D:3)
  2 frilled lizards (D:2)
  17 kobolds
  A rat (D:3)
  A plant (Lair:3)
333 creatures vanquished.

Vanquished Creatures (collateral kills)
  A lindwurm (Lair:2)
  A hippogriff (D:10)
  A basilisk (Lair:2)
  An orc wizard (D:11)
  An adder (D:9)
  2 orcs
  3 plants (Lair:2)
10 creatures vanquished.

Vanquished Creatures (others)
  An adder (D:9)
  3 plants (Lair:2)
  6 spectral weapons
10 creatures vanquished.

Grand Total: 353 creatures vanquished

Notes
Turn   | Place    | Note
-------+----------+-------------------------------------------
     0 | D:1      | tidbits the Gnoll Skald began the quest for the Orb.
     0 | D:1      | Reached XP level 1. HP: 20/20 MP: 6/6
    67 | D:2      | Reached XP level 2. HP: 26/26 MP: 3/7
    71 | D:2      | Learned a level 2 spell: Song of Slaying
    74 | D:2      | Learned a level 2 spell: Shroud of Golubria
   177 | D:2      | Reached skill level 5 in Spellcasting
   177 | D:2      | Reached XP level 3. HP: 18/31 MP: 4/9
   182 | D:2      | Learned a level 3 spell: Regeneration
   187 | D:2      | Learned a level 3 spell: Spectral Weapon
   189 | D:2      | Found a faded altar of an unknown god.
   273 | D:3      | Reached skill level 1 in Invocations
   353 | D:4      | Learned a level 1 spell: Apportation
   447 | D:3      | Reached skill level 1 in Short Blades
   447 | D:3      | Reached skill level 1 in Long Blades
   447 | D:3      | Reached skill level 1 in Axes
   447 | D:3      | Reached skill level 1 in Maces & Flails
   447 | D:3      | Reached skill level 1 in Staves
   447 | D:3      | Reached skill level 1 in Slings
   447 | D:3      | Reached skill level 1 in Bows
   447 | D:3      | Reached skill level 1 in Crossbows
   447 | D:3      | Reached skill level 1 in Throwing
   447 | D:3      | Reached skill level 1 in Stealth
   447 | D:3      | Reached skill level 1 in Shields
   447 | D:3      | Reached skill level 1 in Unarmed Combat
   447 | D:3      | Reached skill level 1 in Evocations
   453 | D:3      | Reached XP level 4. HP: 31/38 MP: 2/11
   469 | D:3      | Reached skill level 1 in Conjurations
   469 | D:3      | Reached skill level 1 in Hexes
   469 | D:3      | Reached skill level 1 in Summonings
   469 | D:3      | Reached skill level 1 in Necromancy
   469 | D:3      | Reached skill level 1 in Translocations
   469 | D:3      | Reached skill level 1 in Transmutations
   469 | D:3      | Reached skill level 1 in Fire Magic
   469 | D:3      | Reached skill level 1 in Ice Magic
   469 | D:3      | Reached skill level 1 in Air Magic
   469 | D:3      | Reached skill level 1 in Earth Magic
   469 | D:3      | Reached skill level 1 in Poison Magic
   515 | D:3      | Noticed Robin
   526 | D:3      | HP: 9/57 [goblin/+0 club[Robin] (5)]
   533 | D:3      | Killed Robin
   533 | D:3      | Reached XP level 5. HP: 8/43 MP: 5/12
   606 | D:4      | Found a glowing silver altar of Zin.
   629 | D:5      | Entered Level 5 of the Dungeon
   629 | D:5      | Noticed a centaur
   637 | D:5      | Killed a centaur
   637 | D:5      | Reached skill level 3 in Armour
   672 | D:5      | Reached skill level 2 in Invocations
   672 | D:5      | Reached XP level 6. HP: 32/50 MP: 5/13
   687 | D:5      | Reached skill level 5 in Fighting
   687 | D:5      | Reached skill level 2 in Short Blades
   687 | D:5      | Reached skill level 2 in Long Blades
   687 | D:5      | Reached skill level 2 in Axes
   687 | D:5      | Reached skill level 2 in Maces & Flails
   687 | D:5      | Reached skill level 5 in Polearms
   687 | D:5      | Reached skill level 2 in Staves
   687 | D:5      | Reached skill level 2 in Slings
   687 | D:5      | Reached skill level 2 in Bows
   687 | D:5      | Reached skill level 2 in Crossbows
   687 | D:5      | Reached skill level 2 in Throwing
   687 | D:5      | Reached skill level 5 in Dodging
   687 | D:5      | Reached skill level 2 in Stealth
   687 | D:5      | Reached skill level 2 in Shields
   687 | D:5      | Reached skill level 2 in Unarmed Combat
   687 | D:5      | Reached skill level 2 in Evocations
   693 | D:5      | Learned a level 1 spell: Animate Skeleton
   749 | D:5      | Noticed an ice beast
   766 | D:5      | HP: 10/51 [ice beast (14)]
   800 | D:5      | Killed an ice beast
   800 | D:5      | Reached XP level 7. HP: 20/56 MP: 1/15
   889 | D:5      | Found a hide-covered altar of Uskayaw.
   889 | D:5      | Noticed Edmund
   898 | D:5      | Killed Edmund
   898 | D:5      | Reached skill level 2 in Conjurations
   898 | D:5      | Reached skill level 2 in Hexes
   898 | D:5      | Reached skill level 2 in Summonings
   898 | D:5      | Reached skill level 2 in Necromancy
   898 | D:5      | Reached skill level 2 in Translocations
   898 | D:5      | Reached skill level 2 in Transmutations
   898 | D:5      | Reached skill level 2 in Fire Magic
   898 | D:5      | Reached skill level 2 in Ice Magic
   898 | D:5      | Reached skill level 2 in Air Magic
   898 | D:5      | Reached skill level 2 in Earth Magic
   898 | D:5      | Reached skill level 2 in Poison Magic
   911 | D:5      | Noticed a +0 dagger
   912 | D:5      | Noticed a +0 dagger
   927 | D:5      | Found a white marble altar of Elyvilon.
   959 | D:6      | Found a transporter.
   959 | D:6      | Found a transporter.
   959 | D:6      | Noticed Swamplord's ghost (novice HOMo)
  1022 | D:6      | Found an opulent altar of Gozag.
  1086 | D:6      | Reached skill level 3 in Invocations
  1111 | D:6      | Noticed Pikel
  1121 | D:6      | Reached skill level 6 in Charms
  1121 | D:6      | Reached XP level 8. HP: 63/63 MP: 8/16
  1125 | D:6      | Killed Pikel
  1125 | D:6      | Reached skill level 3 in Short Blades
  1125 | D:6      | Reached skill level 3 in Long Blades
  1125 | D:6      | Reached skill level 3 in Axes
  1125 | D:6      | Reached skill level 3 in Maces & Flails
  1125 | D:6      | Reached skill level 3 in Staves
  1125 | D:6      | Reached skill level 3 in Slings
  1125 | D:6      | Reached skill level 3 in Bows
  1125 | D:6      | Reached skill level 3 in Crossbows
  1125 | D:6      | Reached skill level 3 in Throwing
  1125 | D:6      | Reached skill level 4 in Armour
  1125 | D:6      | Reached skill level 3 in Stealth
  1125 | D:6      | Reached skill level 3 in Shields
  1125 | D:6      | Reached skill level 3 in Unarmed Combat
  1125 | D:6      | Reached skill level 6 in Spellcasting
  1125 | D:6      | Reached skill level 3 in Evocations
  1134 | D:6      | Noticed a wyvern
  1140 | D:6      | Killed a wyvern
  1206 | D:7      | Reached skill level 4 in Invocations
  1210 | D:7      | Reached skill level 3 in Conjurations
  1210 | D:7      | Reached skill level 3 in Hexes
  1210 | D:7      | Reached skill level 3 in Summonings
  1210 | D:7      | Reached skill level 3 in Necromancy
  1210 | D:7      | Reached skill level 3 in Translocations
  1210 | D:7      | Reached skill level 3 in Transmutations
  1210 | D:7      | Reached skill level 3 in Fire Magic
  1210 | D:7      | Reached skill level 3 in Ice Magic
  1210 | D:7      | Reached skill level 3 in Air Magic
  1210 | D:7      | Reached skill level 3 in Earth Magic
  1210 | D:7      | Reached skill level 3 in Poison Magic
  1217 | D:7      | Found Siotiot's Assorted Antiques.
  1222 | D:7      | Bought a scroll labeled NARHAEMO NAUCURIUW for 27 gold
                  | pieces
  1222 | D:7      | Bought a runed gold wand for 108 gold pieces
  1272 | D:7      | Noticed Prince Ribbit
  1278 | D:7      | Reached skill level 6 in Fighting
  1278 | D:7      | Reached skill level 6 in Polearms
  1278 | D:7      | Reached skill level 6 in Dodging
  1278 | D:7      | Reached XP level 9. HP: 51/69 MP: 3/18
  1298 | D:7      | Killed Prince Ribbit
  1298 | D:7      | Reached skill level 4 in Short Blades
  1298 | D:7      | Reached skill level 4 in Long Blades
  1298 | D:7      | Reached skill level 4 in Axes
  1298 | D:7      | Reached skill level 4 in Maces & Flails
  1298 | D:7      | Reached skill level 4 in Staves
  1298 | D:7      | Reached skill level 4 in Slings
  1298 | D:7      | Reached skill level 4 in Bows
  1298 | D:7      | Reached skill level 4 in Crossbows
  1298 | D:7      | Reached skill level 4 in Throwing
  1298 | D:7      | Reached skill level 4 in Stealth
  1298 | D:7      | Reached skill level 4 in Shields
  1298 | D:7      | Reached skill level 4 in Unarmed Combat
  1298 | D:7      | Reached skill level 4 in Evocations
  1334 | D:7      | Noticed Grum
  1340 | D:7      | Killed Grum
  1368 | D:7      | Reached skill level 5 in Armour
  1470 | D:5      | Found a staircase to the Ecumenical Temple.
  1482 | Temple   | Entered the Ecumenical Temple
  1491 | Temple   | Became a worshipper of Cheibriados the Contemplative
  1559 | D:7      | Found a radiant altar of Vehumet.
  1560 | D:7      | Found a sacrificial altar of Ru.
  1650 | D:9      | Noticed a white ugly thing
  1717 | D:8      | Reached skill level 5 in Invocations
  1792 | D:7      | Found a shadowy altar of Dithmenos.
  1808 | D:8      | Learned a level 3 spell: Mephitic Cloud
  1810 | D:8      | Noticed Gastronok
  1822 | D:8      | Killed Gastronok
  1822 | D:8      | Reached skill level 7 in Fighting
  1822 | D:8      | Reached skill level 5 in Short Blades
  1822 | D:8      | Reached skill level 5 in Long Blades
  1822 | D:8      | Reached skill level 5 in Axes
  1822 | D:8      | Reached skill level 5 in Maces & Flails
  1822 | D:8      | Reached skill level 7 in Polearms
  1822 | D:8      | Reached skill level 5 in Staves
  1822 | D:8      | Reached skill level 5 in Slings
  1822 | D:8      | Reached skill level 5 in Bows
  1822 | D:8      | Reached skill level 5 in Crossbows
  1822 | D:8      | Reached skill level 5 in Throwing
  1822 | D:8      | Reached skill level 7 in Dodging
  1822 | D:8      | Reached skill level 5 in Stealth
  1822 | D:8      | Reached skill level 5 in Shields
  1822 | D:8      | Reached skill level 5 in Unarmed Combat
  1822 | D:8      | Reached skill level 7 in Spellcasting
  1822 | D:8      | Reached skill level 4 in Conjurations
  1822 | D:8      | Reached skill level 4 in Hexes
  1822 | D:8      | Reached skill level 7 in Charms
  1822 | D:8      | Reached skill level 4 in Summonings
  1822 | D:8      | Reached skill level 4 in Necromancy
  1822 | D:8      | Reached skill level 4 in Translocations
  1822 | D:8      | Reached skill level 4 in Transmutations
  1822 | D:8      | Reached skill level 4 in Fire Magic
  1822 | D:8      | Reached skill level 4 in Ice Magic
  1822 | D:8      | Reached skill level 4 in Air Magic
  1822 | D:8      | Reached skill level 4 in Earth Magic
  1822 | D:8      | Reached skill level 4 in Poison Magic
  1822 | D:8      | Reached skill level 5 in Evocations
  1822 | D:8      | Reached XP level 10. HP: 69/79 MP: 17/20
  1927 | D:9      | Reached * piety under Cheibriados
  1934 | D:9      | Reached skill level 6 in Armour
  1956 | D:9      | Reached skill level 6 in Invocations
  1986 | D:9      | Got a scorched helmet
  1986 | D:9      | Got a steaming ring mail
  1997 | D:9      | Identified the cursed +1 ring mail of the Endless Expanse
                  | {Slay+2} (You found it on level 9 of the Dungeon)
  2007 | D:9      | Identified the +1 helmet of Dim Light {rF+} (You found it
                  | on level 9 of the Dungeon)
  2009 | D:9      | Noticed a deep elf mage
  2009 | D:9      | Noticed a kobold demonologist
  2015 | D:9      | Noticed an orc sorcerer
  2018 | D:9      | Killed a deep elf mage
  2019 | D:9      | Killed a kobold demonologist
  2022 | D:9      | Killed an orc sorcerer
  2022 | D:9      | Reached XP level 11. HP: 30/84 MP: 10/22
  2029 | D:9      | Found the +10 zealot's sword {holy, *Rage rN+ EV+3}
  2031 | D:9      | Got a bloodstained fustibalus
  2040 | D:9      | Got a steaming scimitar
  2171 | D:9      | Noticed an orc knight
  2177 | D:9      | Killed an orc knight
  2177 | D:9      | Reached skill level 6 in Short Blades
  2177 | D:9      | Reached skill level 6 in Long Blades
  2177 | D:9      | Reached skill level 6 in Axes
  2177 | D:9      | Reached skill level 6 in Maces & Flails
  2177 | D:9      | Reached skill level 6 in Staves
  2177 | D:9      | Reached skill level 6 in Slings
  2177 | D:9      | Reached skill level 6 in Bows
  2177 | D:9      | Reached skill level 6 in Crossbows
  2177 | D:9      | Reached skill level 6 in Throwing
  2177 | D:9      | Reached skill level 6 in Stealth
  2177 | D:9      | Reached skill level 6 in Shields
  2177 | D:9      | Reached skill level 6 in Unarmed Combat
  2177 | D:9      | Reached skill level 6 in Evocations
  2194 | D:9      | Reached ** piety under Cheibriados
  2194 | D:9      | Reached skill level 5 in Conjurations
  2194 | D:9      | Reached skill level 5 in Hexes
  2194 | D:9      | Reached skill level 5 in Summonings
  2194 | D:9      | Reached skill level 5 in Necromancy
  2194 | D:9      | Reached skill level 5 in Translocations
  2194 | D:9      | Reached skill level 5 in Transmutations
  2194 | D:9      | Reached skill level 5 in Fire Magic
  2194 | D:9      | Reached skill level 5 in Ice Magic
  2194 | D:9      | Reached skill level 5 in Air Magic
  2194 | D:9      | Reached skill level 5 in Earth Magic
  2194 | D:9      | Reached skill level 5 in Poison Magic
  2225 | D:9      | Noticed Erolcha
  2230 | D:9      | Killed Erolcha
  2230 | D:9      | Reached skill level 8 in Spellcasting
  2247 | D:9      | Found a blossoming altar of Fedhas.
  2423 | D:9      | Killed a white ugly thing
  2446 | D:10     | Entered Level 10 of the Dungeon
  2476 | D:10     | Reached *** piety under Cheibriados
  2486 | D:10     | Learned a level 4 spell: Olgreb's Toxic Radiance
  2511 | D:10     | Noticed a two-headed ogre
  2516 | D:10     | Killed a two-headed ogre
  2516 | D:10     | Reached skill level 7 in Invocations
  2596 | D:10     | Found a roughly hewn altar of Beogh.
  2600 | D:10     | Reached skill level 8 in Fighting
  2600 | D:10     | Reached skill level 8 in Polearms
  2600 | D:10     | Reached skill level 7 in Armour
  2600 | D:10     | Reached skill level 8 in Dodging
  2600 | D:10     | Reached **** piety under Cheibriados
  2643 | D:10     | Noticed a two-headed ogre
  2648 | D:10     | Killed a two-headed ogre
  2856 | D:11     | Noticed a two-headed ogre
  2863 | D:11     | Killed a two-headed ogre
  2863 | D:11     | Reached XP level 12. HP: 66/93 MP: 19/24
  2883 | D:11     | Noticed a two-headed ogre
  2893 | D:11     | Noticed Psyche
  2898 | D:11     | Killed Psyche
  2903 | D:11     | Killed a two-headed ogre
  2903 | D:11     | Reached skill level 8 in Charms
  3025 | D:11     | Reached ***** piety under Cheibriados
  3063 | D:11     | Noticed a two-headed ogre
  3082 | D:11     | Killed a two-headed ogre
  3082 | D:11     | Reached skill level 7 in Short Blades
  3082 | D:11     | Reached skill level 7 in Long Blades
  3082 | D:11     | Reached skill level 7 in Axes
  3082 | D:11     | Reached skill level 7 in Maces & Flails
  3082 | D:11     | Reached skill level 7 in Staves
  3082 | D:11     | Reached skill level 7 in Slings
  3082 | D:11     | Reached skill level 7 in Bows
  3082 | D:11     | Reached skill level 7 in Crossbows
  3082 | D:11     | Reached skill level 7 in Throwing
  3082 | D:11     | Reached skill level 7 in Stealth
  3082 | D:11     | Reached skill level 7 in Shields
  3082 | D:11     | Reached skill level 7 in Unarmed Combat
  3082 | D:11     | Reached skill level 7 in Evocations
  3099 | D:11     | Learned a level 4 spell: Animate Dead
  3113 | D:11     | Identified the cursed +3 scimitar of the Mind {drain,
                  | *Drain rN+ MP+9 SInv} (You found it on level 9 of the
                  | Dungeon)
  3131 | D:11     | You fall through a shaft for 2 floors!
  3132 | D:13     | Noticed Josephine
  3132 | D:13     | Noticed Sonja
  3137 | D:13     | Killed Josephine
  3139 | D:13     | Killed Sonja
  3139 | D:13     | Reached skill level 6 in Conjurations
  3139 | D:13     | Reached skill level 6 in Hexes
  3139 | D:13     | Reached skill level 6 in Summonings
  3139 | D:13     | Reached skill level 6 in Necromancy
  3139 | D:13     | Reached skill level 6 in Translocations
  3139 | D:13     | Reached skill level 6 in Transmutations
  3139 | D:13     | Reached skill level 6 in Fire Magic
  3139 | D:13     | Reached skill level 6 in Ice Magic
  3139 | D:13     | Reached skill level 6 in Air Magic
  3139 | D:13     | Reached skill level 6 in Earth Magic
  3139 | D:13     | Reached skill level 6 in Poison Magic
  3205 | D:13     | Identified the cursed +1 fustibalus "Qekeug" {velocity,
                  | *Contam rC+ MR+++ Str-2} (You found it on level 9 of the
                  | Dungeon)
  3240 | D:13     | Reached skill level 8 in Invocations
  3301 | D:12     | Reached skill level 9 in Spellcasting
  3520 | D:12     | Noticed a two-headed ogre
  3531 | D:12     | Killed a two-headed ogre
  3531 | D:12     | Reached skill level 8 in Armour
  3580 | D:11     | Found a staircase to the Lair.
  3591 | Lair:1   | Entered Level 1 of the Lair of Beasts
  3645 | Lair:2   | Reached skill level 9 in Fighting
  3645 | Lair:2   | Reached skill level 9 in Polearms
  3645 | Lair:2   | Reached skill level 9 in Dodging
  3664 | Lair:2   | Reached ****** piety under Cheibriados
  3668 | Lair:2   | Reached XP level 13. HP: 96/101 MP: 4/26
  3905 | Lair:3   | Reached skill level 8 in Short Blades
  3905 | Lair:3   | Reached skill level 8 in Long Blades
  3905 | Lair:3   | Reached skill level 8 in Axes
  3905 | Lair:3   | Reached skill level 8 in Maces & Flails
  3905 | Lair:3   | Reached skill level 8 in Staves
  3905 | Lair:3   | Reached skill level 8 in Slings
  3905 | Lair:3   | Reached skill level 8 in Bows
  3905 | Lair:3   | Reached skill level 8 in Crossbows
  3905 | Lair:3   | Reached skill level 8 in Throwing
  3905 | Lair:3   | Reached skill level 8 in Stealth
  3905 | Lair:3   | Reached skill level 8 in Shields
  3905 | Lair:3   | Reached skill level 8 in Unarmed Combat
  3905 | Lair:3   | Reached skill level 8 in Evocations
  4149 | Lair:3   | Found a hole to the Spider Nest.
  4161 | Lair:3   | Found the +9 scales of the Dragon King {rPois rF+ rC+ MR+}
  4168 | Lair:3   | Reached skill level 9 in Invocations
  4172 | Lair:3   | Learned a level 2 spell: Passwall
  4178 | Lair:3   | Learned a level 5 spell: Lee's Rapid Deconstruction
  4179 | Spider:1 | Entered Level 1 of the Spider Nest
  4407 | Spider:3 | Reached skill level 7 in Conjurations
  4407 | Spider:3 | Reached skill level 7 in Hexes
  4407 | Spider:3 | Reached skill level 9 in Charms
  4407 | Spider:3 | Reached skill level 7 in Summonings
  4407 | Spider:3 | Reached skill level 7 in Necromancy
  4407 | Spider:3 | Reached skill level 7 in Translocations
  4407 | Spider:3 | Reached skill level 7 in Transmutations
  4407 | Spider:3 | Reached skill level 7 in Fire Magic
  4407 | Spider:3 | Reached skill level 7 in Ice Magic
  4407 | Spider:3 | Reached skill level 7 in Air Magic
  4407 | Spider:3 | Reached skill level 7 in Earth Magic
  4407 | Spider:3 | Reached skill level 7 in Poison Magic
  4423 | Spider:3 | Quit the game

Skill      XL: |  1  2  3  4  5  6  7  8  9 10 11 12 13 |
---------------+----------------------------------------+-----
Spellcasting   | 5 6 7 8 9 |  9.8
Invocations    | 1 2 3 4 5 6 7 8 9 |  9.2
Short Blades   | 1 2 3 5 6 7 8 |  8.4
Long Blades    | 1 2 3 5 6 7 8 |  8.4
Axes           | 1 2 3 5 6 7 8 |  8.4
Maces & Flails | 1 2 3 5 6 7 8 |  8.4
Staves         | 1 2 3 5 6 7 8 |  8.4
Slings         | 1 2 3 5 6 7 8 |  8.4
Bows           | 1 2 3 5 6 7 8 |  8.4
Crossbows      | 1 2 3 5 6 7 8 |  8.4
Throwing       | 1 2 3 5 6 7 8 |  8.4
Stealth        | 1 2 3 5 6 7 8 |  8.4
Shields        | 1 2 3 5 6 7 8 |  8.4
Unarmed Combat | 1 2 3 5 6 7 8 |  8.4
Evocations     | 1 2 3 5 6 7 8 |  8.4
Conjurations   | 1 2 3 4 5 6 7 |  7.0
Hexes          | 1 2 3 4 5 6 7 |  7.0
Summonings     | 1 2 3 4 5 6 7 |  7.0
Necromancy     | 1 2 3 4 5 6 7 |  7.0
Translocations | 1 2 3 4 5 6 7 |  7.0
Transmutations | 1 2 3 4 5 6 7 |  7.0
Fire Magic     | 1 2 3 4 5 6 7 |  7.0
Ice Magic      | 1 2 3 4 5 6 7 |  7.0
Air Magic      | 1 2 3 4 5 6 7 |  7.0
Earth Magic    | 1 2 3 4 5 6 7 |  7.0
Poison Magic   | 1 2 3 4 5 6 7 |  7.0
Armour         | 3 4 5 6 7 8 |  8.8
Fighting       | 5 6 7 8 9 |  9.6
Polearms       | 5 6 7 8 9 |  9.6
Dodging        | 5 6 7 8 9 |  9.6
Charms         | 6 7 8 9 |  9.0

Action                   |  1- 3 |  4- 6 |  7- 9 | 10-12 | 13-15 || total
-------------------------+-------+-------+-------+-------+-------++-------
Melee: Spear             |    50 |    14 |       |       |       ||    64
       Bite              |     3 |     4 |     9 |    32 |    24 ||    72
       Halberd           |       |    44 |   110 |    44 |       ||   198
       Unarmed           |       |     9 |       |       |       ||     9
       Punch             |       |     1 |       |    11 |    11 ||    23
       Eudemon blade     |       |       |       |   200 |    90 ||   290
Throw: Stone             |     1 |     2 |     4 |       |       ||     7
       Tomahawk          |       |       |     4 |    22 |    17 ||    43
 Cast: Infusion          |     4 |       |       |       |       ||     4
       Spectral Weapon   |     6 |     6 |    21 |    33 |    11 ||    77
       Apportation       |     3 |     7 |    12 |    54 |    33 ||   109
       Song of Slaying   |     2 |     1 |     1 |     3 |       ||     7
       Regeneration      |     1 |     4 |     4 |    16 |     3 ||    28
       Shroud of Golubri |       |     1 |     3 |     9 |       ||    13
       Animate Skeleton  |       |     1 |       |     7 |     1 ||     9
       Olgreb's Toxic Ra |       |       |       |    15 |     4 ||    19
       Animate Dead      |       |       |       |     2 |     3 ||     5
       Passwall          |       |       |       |       |     1 ||     1
Invok: Temporal Distorti |       |       |       |       |     1 ||     1
Evoke: Wand              |       |       |     6 |     9 |       ||    15
       Phial of floods   |       |       |       |       |     1 ||     1
  Use: Potion            |       |     2 |     1 |       |     3 ||     6
       Scroll            |       |     2 |     8 |     7 |     7 ||    24
 Stab: Distracted        |     1 |       |     2 |     2 |       ||     5
       Sleeping          |     2 |       |     3 |    10 |     9 ||    24
  Eat: Ration            |     1 |     1 |       |     3 |     1 ||     6
Armor: Leather armour    |     3 |    16 |       |       |       ||    19
       Skin              |       |    12 |       |       |       ||    12
       Ring mail         |       |       |    34 |    70 |    41 ||   145
Dodge: Dodged            |    22 |    50 |    74 |   238 |   153 ||   537
       Rpst.: Eudemon blade |       |       |       |    57 |    27 ||    84

Table legend:
 A = Turns spent in this place as a percentage of turns spent in the entire game.
 B = Non-inter-level travel turns spent in this place as a percentage of non-inter-level travel turns spent in the entire game.
 C = Inter-level travel turns spent in this place as a percentage of turns spent in this place.
 D = Turns resting spent in this place as a percentage of non-inter-level travel turns spent in this place.
 E = Turns spent auto-exploring this place as a percentage of non-inter-level travel turns spent in this place.
 F = Non-inter-level travel turns spent in this place divided by the number of levels of this place that you've seen.
                   A       B       C       D       E      F
               +-------+-------+-------+-------+-------+----------------------
         Total | 100.0 | 100.0 |   2.4 |   0.0 |   0.0 | 205.5
       Dungeon |  80.8 |  81.3 |   1.8 |   0.0 |   0.0 | 269.8
        Temple |   0.4 |   0.3 |  42.1 |   0.0 |   0.0 |  11.0
          Lair |  13.3 |  12.8 |   6.1 |   0.0 |   0.0 | 138.0
   Spider Nest |   5.5 |   5.7 |   0.0 |   0.0 |   0.0 |  81.3
               +-------+-------+-------+-------+-------+----------------------

Table legend:
 A = Kills in this place as a percentage of kills in entire the game.
 B = Kills by you in this place as a percentage of kills by you in the entire game.
 C = Kills by friends in this place as a percentage of kills by friends in the entire game.
 D = Other kills in this place as a percentage of other kills in the entire game.
 E = Experience gained in this place as a percentage of experience gained in the entire game.
 F = Experience gained in this place divided by the number of levels of this place that you have seen.
                   A       B       C       D       E      F
               +-------+-------+-------+-------+-------+----------------------
         Total | 100.0 | 100.0 | 100.0 |   N/A | 100.0 | 2283.3
       Dungeon |  80.2 |  80.4 |  71.4 |   N/A |  61.3 | 2262.1
          Lair |  15.0 |  14.8 |  28.6 |   N/A |  27.2 | 3259.5
   Spider Nest |   4.7 |   4.8 |   0.0 |   N/A |  11.5 | 1834.7
               +-------+-------+-------+-------+-------+----------------------

Levels and vault maps discovered:
D:1:      zaba_arrival_water, layout_basic, chequers_mini_garden,
          minmay_bisected
D:2:      layout_loops_ring, lemuel_doored_altar,
          nicolae_overflow_crystal_walls, first_ration,
          chequers_ecumenical_altar_lobes, hangedman_feature_mirror,
          minmay_between
D:3:      layout_loops_cross, grunt_temple_overflow_holy_war, uniq_robin
D:4:      layout_gridville, lemuel_crystal_altar, st_stairs_8
D:5:      minmay_inner_zag, layout_rooms, overflow_temple_1_default,
          dancing_weapons_uskayaw, minmay_temple_entry_nine_rooms,
          grunt_ministairs_14, grunt_gozag_statues, uniq_edmund
D:6:      layout_cave_pods, kennysheep_little_box, gammafunk_ghost_mausoleum,
          chequers_arboretum, uniq_pikel
D:7:      layout_cave_pools, old_standard_altar,
          gammafunk_temple_overflow_statue, serial_gnoll_camp,
          gnoll_camp_mini_loothouse, gnoll_camp_mini_shop, grums_kennel,
          gnoll_camp_mini_hut, gnoll_camp_mini_hut, the_bakery,
          minmay_misc_feat_pillars, kennysheep_decorative_pillar,
          minmay_shop_chei, uniq_prince_ribbit1
D:8:      layout_rooms, serial_bayou_pond_d, uniq_gastronok
D:9:      minmay_the_grid_3x3 [minmay_the_grid_plusring,
          minmay_the_grid_tri_star, minmay_the_grid_eight,
          minmay_the_grid_armoury, minmay_the_grid_paths, minmay_the_grid_doors,
          minmay_the_grid_zigzag_pyramid, minmay_the_grid_spikes,
          minmay_the_grid_prize_four_corners_diamond_a], layout_irregular_city,
          tgw_fedhas, hiddenorc2_lemuel, uniq_erolcha
D:10:     layout_roguey, special_room [special_room_orc]
D:11:     layout_irregular_city, lair_entry_dummy, uniq_psyche
D:12:     layout_basic, minivault_5, kennysheep_island_fort
D:13:     layout_irregular_city, lightli_vaults_fourway_checkpoint,
          uniq_josephine, uniq_sonja
Temple:   compressed_dpeg_circular_temple
Lair:1:   minmay_lair_oklob_tunnel, layout_small_grid, minmay_lair_oklob_items,
          beast_lair_carwin_8
Lair:2:   cheibrodos_lair_overgrown_chateau, layout_loops_ring,
          minmay_shoals_entry_centaurs, lemuel_fruit_tree
Lair:3:   layout_cave_shapes, spider_nest_entry_webs, minmay_shattered_shrine,
          lemuel_fruit_fields, grunt_megastairs_1
Lair:4:   layout_hall_layers
Spider:1: layout_spider_delve
Spider:2: layout_spider_delve
Spider:3: layout_spider_delve, hangedman_stitches_earthworm
